 Dungeon Crawl Stone Soup version 0.19.1 (webtiles) character file.

44 Ice the Ducker (level 3, -1/31 HPs)
             Began as a Minotaur Berserker on Dec 7, 2016.
             Was a Believer of Trog.
             Slain by an adder (4 damage)
             ... on level 2 of the Dungeon.
             The game lasted 00:02:52 (1050 turns).

Ice the Ducker (Minotaur Berserker)                 Turns: 1050, Time: 00:02:53

Health: -1/31      AC:  5    Str: 21    XL:     3   Next: 39%
Magic:  2/2        EV: 12    Int:  4    God:    Trog [**....]
Gold:   74         SH:  0    Dex: 10    Spells: 0 memorised, 2 levels left

rFire  . . .     SeeInvis .     b - +2 mace (holy)
rCold  . . .     Gourm    .     l - +0 ring mail
rNeg   . . .     Faith    .     (no shield)
rPois  .         Spirit   .     (helmet restricted)
rElec  .         Reflect  .     (no cloak)
rCorr  .         Harm     .     (no gloves)
MR     .....                    (no boots)
Stlth  ..........               (no amulet)
                                (no ring)
                                (no ring)

@: no status effects
A: retaliatory headbutt, horns 2
a: Berserk, Trog's Hand, Burn Spellbooks, Renounce Religion


You were on level 2 of the Dungeon.
You worshipped Trog.
Trog was pleased with you.
You were hungry.

You visited 1 branch of the dungeon, and saw 2 of its levels.

You collected 74 gold pieces.

Inventory:

Hand Weapons
 b - a +2 mace of holy wrath (weapon)
Missiles
 g - 48 stones (quivered)
 j - 36 arrows
 n - 24 bolts
Armour
 l - a +0 ring mail (worn)
Scrolls
 e - 3 scrolls of immolation {unknown}
 i - a scroll of random uselessness {unknown}
 o - a scroll of identify {unknown}
Potions
 a - a potion of ambrosia {unknown}
 h - a potion of heal wounds {unknown}
 k - 2 potions of cancellation {unknown}
 m - a potion of flight {unknown}
Comestibles
 c - a bread ration
 d - a slice of pizza
 f - 6 chunks of flesh


   Skills:
 - Level 3.6 Fighting
 - Level 3.6 Maces & Flails
 - Level 2.4 Armour
 + Level 4.2 Dodging


You had 2 spell levels left.
You didn't know any spells.

Dungeon Overview and Level Annotations

Branches:
Dungeon (2/15)

Altars:
Zin


Innate Abilities, Weirdness & Mutations

You reflexively headbutt those who attack you in melee.
You have a pair of horns on your head.


Message History

Throwing (i - inventory):
g - 49 stones (quivered)
Press: ? - help, Shift-Dir - straight line, f/p - adder
Aim: an adder You throw a stone.
The stone hits the adder.
The adder is lightly wounded.
You are feeling hungry.
You barely miss the adder.
The adder is lightly wounded.
The adder bites you but does no damage. The adder closely misses you.
You furiously retaliate!
You headbutt the adder! You closely miss the adder.
The adder is severely wounded.
The adder bites you.
* * * LOW HITPOINT WARNING * * *
The adder bites you.
* * * LOW HITPOINT WARNING * * *
You closely miss the adder.
The adder is severely wounded.
The adder bites you.
You die...

#.########..####.####
#.##....
#.#.........##......#
#.##.###
#.#.#######.##.#.##.# #.##.#
#...................# #.##.#
###.#######.##.#...##.#.##.#
# #.# #.##........#>##.# #
#.# ####.##....#####.##.# #
..# #................# #
######.##.#@S.#.####### #
........#.#.#.# ###
####.##.#...(.(.. #.. #
#####.#.### #.. %.#.# #..
.....# #.. ####..# #.. ...
#.. ### +..


You could see an adder.

Vanquished Creatures
  A worm (D:2)
  A dart slug (D:1)
  2 leopard geckos
  A ball python (D:2)
  A giant cockroach (D:1)
  8 goblins
  5 hobgoblins
  2 jackals (D:2)
  3 kobolds
  A quokka (D:2)
  A bat (D:1)
  A frilled lizard (D:1)
  5 rats
32 creatures vanquished.

Notes
Turn   | Place    | Note
-------+----------+-------------------------------------------
     0 | D:1      | Ice the Minotaur Berserker began the quest for the Orb.
     0 | D:1      | Reached XP level 1. HP: 19/19 MP: 0/0
   177 | D:1      | Reached skill level 3 in Dodging
   177 | D:1      | Reached XP level 2. HP: 25/26 MP: 1/1
   767 | D:2      | Reached XP level 3. HP: 27/31 MP: 2/2
   788 | D:2      | Found a glowing silver altar of Zin.
   860 | D:2      | Reached skill level 4 in Dodging
   987 | D:2      | Reached ** piety under Trog
  1050 | D:2      | Slain by an adder

Skill      XL: |  1  2  3 |
---------------+----------+-----
Dodging        | 3 4 |  4.2
Fighting       | |  3.6
Maces & Flails | |  3.6
Armour         | |  2.4

Action                   || total
-------------------------++-------
Melee: Mace              ||    63
       Headbutt          ||     6
Throw: Tomahawk          ||    23
       Stone             ||    21
Armor: Ring mail         ||    10
       Animal skin       ||     1
Dodge: Dodged            ||    35
